 Dungeon Sprint DCSS version 0.30-a0-622-gddc90eaa04 (webtiles) character file.

Game seed: 12325232871287612746

21 NinjaNoafa the Insei (level 2, -1/19 HPs)
             Began as an Octopode Transmuter on Jan 10, 2023.
             Slain by a wolf (5 damage)
             ... in the Dungeon (Sprint III: "The Ten Rune Challenge").
             The game lasted 00:01:13 (93 turns).

NinjaNoafa the Insei (Octopode Transmuter)            Turns: 93, Time: 00:01:14

Health: -1/19      AC:  1    Str:  9    XL:     2   Next: 87%
Magic:  6/6        EV: 13    Int: 15    God:
Gold:   8          SH:  0    Dex: 12    Spells: 6/7 levels left

rFire   . . .      SeeInvis .      - Unarmed
rCold   . . .      Faith    .    (no shield)
rNeg    . . .      Spirit   .    (helmet currently unavailable)
rPois   .          Reflect  .    (no amulet)
rElec   .          Harm     .    (no ring)
rCorr   .          Rampage  .    (no ring)
Will    .....      NoTele   +    (no ring)
Stlth   ++++                     (no ring)
HPRegen 0.23/turn                (no ring)
MPRegen 0.10/turn                (no ring)
                                 (no ring)
                                 (no ring)

@: appendages, on berserk cooldown, slowed, very slow
A: tentacle spike 3, almost no armour, amphibious, 8 rings, camouflage 1,
gelatinous body 1, nimble swimmer 1, tentacles
a: End Transformation


You were in the Dungeon.
One of your tentacles had grown a beastly spike.
You visited 1 branch You collected 8 gold pieces.

Inventory:

Scrolls
 g - a scroll of blinking
Potions
 a - a potion of lignification
 b - a potion of curing
 d - a potion of haste
 e - 2 potions of magic


   Skills:
 + Level 2.0 Fighting
 + Level 2.7 Dodging
 + Level 2.4 Stealth
 + Level 3.5 Unarmed Combat
 + Level 3.1 Spellcasting
 + Level 3.2 Transmutations


You had 6 spell levels left.
You knew the following spells:

 Your Spells              Type           Power      Damage    Failure   Level
a - Beastly Appendage     Tmut           24%        N/A       5%          1

Your spell library contained the following spells:

 Spells                   Type           Power      Damage    Failure   Level
 Wereblood                Tmut           12%        N/A       8%          2
 Spider Form              Tmut/Pois      7%         N/A       30%         3
 Ice Form                 Ice/Tmut       7%         N/A       71%         4


Dungeon Overview and Level Annotations

Branches:
Dungeon (1/1)

Altars:


Innate Abilities, Weirdness & Mutations

One of your tentacles has grown a beastly spike.
You cannot wear most types of armour.
You are amphibious.
You can wear up to eight rings at the same time.
Your skin changes colour to match your surroundings (Stealth+).
Your rubbery body absorbs attacks. (AC +1, EV +1)
You are camouflaged when in or above water. (Stealth+)
You have tentacles for arms and can constrict up to eight enemies at once.


Message History

You tentacle-slap the human.
You kill the human!
Your Fighting skill increases to level 2!
Your Stealth skill gained 2 levels and is now at level 2!
Your Spellcasting skill increases to level 3!
Your Transmutations skill increases to level 3!
You have reached level 2!
Calm down first, please.
You start resting.
You feel a strong urge to attack something.
You start resting.
You feel your anger nearly subside.
You are no longer berserk.
You are exhausted.
You feel yourself slow down.
Your tentacle spike disappears.
Magic restored.
A wolf comes into view.
A wolf is nearby!
Casting: Beastly Appendage (safe; 5% risk of failure)
Confirm with . or Enter, or press ? or * to list all spells.
One of your tentacles grows a vicious spike.
The wolf howls!
You enter the shallow water.
The wolf closely misses you. x2
You closely miss the wolf. Your grab misses the wolf.
Your tentacle spike misses the wolf.
The wolf splashes around in the water.
The wolf bites you.
The wolf splashes around in the water.
You tentacle-slap the wolf. Your grab misses the wolf.
Your tentacle spike misses the wolf.
Your squeeze misses the wolf.
The wolf is moderately wounded.
The wolf splashes around in the water.
The wolf barely misses you.
You miss the wolf. Your grab misses the wolf.
Your tentacle spike misses the wolf.
Your squeeze misses the wolf.
The wolf is moderately wounded.
The wolf bites you. The wolf bites you!
* * * LOW HITPOINT WARNING * * *
You miss the wolf. Your grab misses the wolf.
You pierce the wolf.
The wolf is heavily wounded.
The wolf barely misses you. The wolf bites you.
You die...

▓▓▓▓ ▓▓▓▓ ▓<.#
+...♣ .# ▓..# #....
♣.# ▓#'####....♣
..# ▓.....#....~♣
♣♣..
▓.....#...~~♣♣..♣
▓.....#..~~~h♣..♣ +
▓####'#..~≈≈~@~♣♣.#
▓(....#.~~≈~~~....#
▓.....#.~≈~~~.....#
▓.....#.~~~.......#
▓'#####...........#
▓.................#
▓▓▓▓▓▓▓▓▓▓▓▓▓▓▓▓▓▓▓


You could see a wolf.

Vanquished Creatures
  A human (D)
  An endoplasm (D)
  3 rats (D)
5 creatures vanquished.

Notes
Turn   | Place    | Note
-------+----------+-------------------------------------------
     0 | D        | NinjaNoafa the Octopode Transmuter began the quest for the
                  | Orb.
     0 | D        | Reached XP level 1. HP: 13/13 MP: 3/3
    74 | D        | Reached XP level 2. HP: 19/19 MP: 4/6
    93 | D        | Slain by a wolf

Illustrated notes

Levels and vault maps discovered:
D:        dungeon_sprint_mu [sprint_mu_entry_forest, sprint_mu_temple_rooms,
          sprint_mu_d1_horrors, sprint_mu_d2_genie, sprint_mu_d3_branching,
          sprint_mu_orc_legion, sprint_mu_elf_gauntlet, sprint_mu_hive_nellie,
          sprint_mu_lair_fedhas, sprint_mu_vaults_butterflies,
          sprint_mu_slime_circle, sprint_mu_swamp_cave, sprint_mu_shoals_archi,
          sprint_mu_blade_basic, sprint_mu_crypt_fortress,
          sprint_mu_tomb_spiral, sprint_mu_vestibule_basic,
          sprint_mu_gehenna_hellfire, sprint_mu_dis_giant,
          sprint_mu_tartarus_statrot, sprint_mu_cocytus_islands, sprint_mu_zot1]

Skill      XL: |  1 |
---------------+----+-----
Fighting       | 2 |  2.0
Stealth        | 2 |  2.4
Spellcasting   | 3 |  3.1
Transmutations | 3 |  3.2
Dodging        | |  2.7
Unarmed Combat | |  3.5

Action                   || total
-------------------------++-------
Melee: Unarmed           ||    14
       Kick              ||     3
       Constrict         ||     2
       Tentacles         ||     2
 Cast: Beastly Appendage ||     5
  Use: Potion            ||     2
 Stab: Sleeping          ||     2
Dodge: Dodged            ||    10

Table legend: (Time is in decaauts)
 A = Elapsed time spent in this place.
 B = Non-inter-level travel time spent in this place.
 C = Inter-level travel time spent in this place.
 D = Time resting spent in this place.
 E = Time spent auto-exploring this place.
 F = Levels seen in this place.
 G = Mean time per level.
                   A        B        C        D        E       F      G
               +--------+--------+--------+--------+--------+-----+--------+
         Total |     97 |     97 |      0 |      1 |     51 |   1 |   97.0 |
       Dungeon |     97 |     97 |      0 |      1 |     51 |   1 |   97.0 |
               +--------+--------+--------+--------+--------+-----+--------+

Top non-repeatable levels by time:
       D: 97 daAuts
